 Dungeon Crawl Stone Soup version 0.27.1 (webtiles) character file.

Game seed: 8545448767758244342

61 BOMJPIETVODKU the Chopper (level 4, -4/40 HPs)
             Began as a Hill Orc Fighter on Sept 3, 2021.
             Slain by Sigmund (7 damage)
             ... on level 2 of the Dungeon.
             The game lasted 00:02:14 (1313 turns).

BOMJPIETVODKU the Chopper (Hill Orc Fighter)        Turns: 1313, Time: 00:02:15

Health: -4/40      AC:  6    Str: 19    XL:     4   Next: 7%
Magic:  4/4        EV:  7    Int:  8    God:
Gold:   30         SH:  9    Dex: 10    Spells: 3/3 levels left

rFire    + . .     SeeInvis .   a - +0 war axe
rCold    . . .     Faith    .   c - +0 kite shield
rNeg     . . .     Spirit   .   b - +0 scale mail
rPois    .         Reflect  .   (no helmet)
rElec    .         Harm     .   (no cloak)
rCorr    .         Rampage  .   (no gloves)
Will     .....                  (no boots)
Stlth    ..........             (no amulet)
HPRegen  0.13/turn              j - ring of protection from fire
MPRegen  0.09/turn              (no ring)

@: mighty
A: no striking features
a: no special abilities


You were on level 2 of the Dungeon.
You visited 1 branch of the dungeon, and saw 2 of its levels.

You collected 30 gold pieces.

Inventory:

Hand Weapons
 a - a +0 war axe (weapon)
Missiles
 g - 6 poisoned darts (quivered)
Armour
 b - a +0 scale mail (worn)
 c - a +0 kite shield (worn)
Jewellery
 f - a ring of magical power
 j - a ring of protection from fire (left hand)
Scrolls
 h - a scroll of summoning {unknown}
 i - 2 scrolls of enchant armour {unknown}
 k - a scroll of fog {unknown}
Potions
 e - a potion of lignification {unknown}
 l - a potion of haste {unknown}


   Skills:
 + Level 4.2 Fighting
 * Level 5.0 Axes
 - Level 3.2 Armour
 - Level 3.2 Shields


You had 3 spell levels left.
You didn't know any spells.
Your spell library contained the following spells:

 Spells                   Type           Power      Damage    Failure   Level
 Corona                   Hex            0%         N/A       99%         1
 Ensorcelled Hibernation  Hex/Ice        0%         N/A       100%        2
 Summon Guardian Golem    Hex/Summ       0%         N/A       100%        3
 Tukima's Dance           Hex            0%         N/A       100%        3
 Orb of Destruction       Conj           0%         N/A       100%        7
 Spellforged Servitor     Conj/Summ      0%         N/A       100%        7


Dungeon Overview and Level Annotations

Branches:
Dungeon (2/15)

Altars:

Shops:
D:1 [

Annotations:
D:2 Sigmund


Message History

The kobold throws a stone.
The stone hits you but does no damage.
Sigmund looks more healthy.
Sigmund gestures wildly while chanting.
Sigmund flickers and vanishes!
Deactivating autopickup; reactivate with Ctrl-A.
You block Natasha's attack.
You feel very mighty all of a sudden. You block the goblin's attack.
You hit the goblin.
The goblin is severely wounded.
The goblin hits you with a +0 club. The goblin completely misses you.
You slash the goblin!
You kill the goblin!
You block the jackal's attack.
A jackal comes into view.
The jackal bites you but does no damage.
You closely miss the jackal. The jackal bites you.
You block the jackal's attack.
You slash the jackal!
You kill the jackal!
Natasha stares at you and mumbles some strange words.
You resist with significant effort.
You barely miss Natasha. Something hits you but does no damage.
Natasha claws you!
* * * LOW HITPOINT WARNING * * *
You slice Natasha!!
You kill Natasha!
Natasha growls in agony!
Something hits you but does no damage.
The jackal bites you but does no damage.
Your Axes skill increases to level 5!
You have reached level 4!
You closely miss the jackal. The jackal barely misses you.
Something hits you but does no damage.
The jackal bites you but does no damage.
You closely miss the jackal. The jackal closely misses you. Something hits you!
* * * LOW HITPOINT WARNING * * *
The jackal bites you but does no damage.
You barely miss the jackal. You block the jackal's attack. Something hits you!
You die...

#....# .
#....# ..#
#....#
....#..h.#
.........#
..####.K###
........{.#
..#######h#
#@# #.# #.#
#.# # #.#
#..# #.#
#..# #.#
#..# #.#
#..### #.#


You could see a jackal and a kobold.

Vanquished Creatures
  Natasha (D:2)
  An adder (D:2)
  A dart slug (D:1)
  4 endoplasms (D:1)
  A giant cockroach (D:1)
  4 goblins (D:2)
  4 hobgoblins (D:1)
  A jackal (D:2)
  A quokka (D:1)
  2 ball pythons (D:1)
  A frilled lizard (D:1)
  2 kobolds (D:1)
23 creatures vanquished.

Notes
Turn   | Place    | Note
-------+----------+-------------------------------------------
     0 | D:1      | BOMJPIETVODKU the Hill Orc Fighter began the quest for the
                  | Orb.
     0 | D:1      | Reached XP level 1. HP: 19/19 MP: 1/1
   233 | D:1      | Reached skill level 3 in Axes
   267 | D:1      | Reached XP level 2. HP: 27/27 MP: 2/2
   363 | D:1      | Found a faded altar of an unknown god.
   647 | D:1      | Found Piciyr's Antique Armour Shop.
   882 | D:1      | Reached skill level 4 in Axes
  1087 | D:2      | Reached XP level 3. HP: 24/33 MP: 3/3
  1291 | D:2      | Noticed Sigmund
  1297 | D:2      | Noticed Natasha
  1310 | D:2      | Killed Natasha
  1311 | D:2      | Reached skill level 5 in Axes
  1311 | D:2      | Reached XP level 4. HP: 10/40 MP: 4/4
  1313 | D:2      | Slain by Sigmund

Illustrated notes

Levels and vault maps discovered:
D:1:      ncdulo_wetmaze, layout_basic, serial_shops, shop_statue,
          basic_ecumenical_altar
D:2:      layout_loops_ring, basic_altar, uniq_natasha, uniq_sigmund

Skill      XL: |  1  2  3 |
---------------+----------+-----
Axes           | 3 4 5 |  5.0
Fighting       | 4 |  4.2
Armour         | |  3.2
Shields        | |  3.2

Action                   |  1- 3 |  4- 6 || total
-------------------------+-------+-------++-------
Melee: War axe           |    63 |     3 ||    66
Throw: Dart              |     3 |       ||     3
  Use: Potion            |     1 |       ||     1
Armor: Scale mail        |    27 |     3 ||    30
Dodge: Dodged            |    20 |     2 ||    22
Block: Kite shield       |    36 |     1 ||    37
